 Dungeon Crawl Stone Soup version 0.26-a0-547-g695e311 (webtiles) character file.

Game seed: 12001670947437748214

404 Bacontarian the Cudgeler (level 6, -10/93 HPs)
             Began as a Troll Berserker on Aug 19, 2020.
             Was a Priest of Trog.
             Mangled by a troll (15 damage)
             ... on level 4 of the Dungeon.
             The game lasted 00:20:24 (2940 turns).

Bacontarian the Cudgeler (Troll Berserker)          Turns: 2940, Time: 00:20:25

Health: -10/93     AC:  7    Str: 28    XL:     6   Next: 56%
Magic:  5/5        EV: 12    Int:  3    God:    Trog [***...]
Gold:   103        SH:  0    Dex: 15    Spells: 5/5 levels left

rFire    . . .     SeeInvis .   h - +2 flail (venom)
rCold    + . .     Faith    .   (no shield)
rNeg     . . .     Spirit   .   b - +1 animal skin
rPois    .         Reflect  .   (helmet restricted)
rElec    .         Harm     .   (no cloak)
rCorr    .                      (gloves unavailable)
MR       .....                  (boots unavailable)
Stlth    ..........             (no amulet)
HPRegen  0.65/turn              e - +6 ring of dexterity
MPRegen  0.09/turn              f - ring of protection from cold

@: berserking, lightly drained, very quick
A: large, unfitting armour, claws 3, regeneration 1, shaggy fur 1, tough skin 3
a: Berserk, Trog's Hand, Renounce Religion


You were on level 4 of the Dungeon.
You worshipped Trog.
Trog was most pleased with you.
You visited 1 branch of the dungeon, and saw 4 of its levels.

You collected 103 gold pieces.

Inventory:

Hand Weapons
 h - a +2 flail of venom (weapon)
Missiles
 c - 117 stones (quivered)
Armour
 b - a +1 animal skin (worn)
Jewellery
 a - a cursed -4 ring of strength {unknown}
 e - a +6 ring of dexterity (left claw)
 f - a ring of protection from cold (right claw)
Wands
 g - a wand of flame (4)
Scrolls
 i - a scroll of fear
 j - a scroll of enchant armour
 k - a scroll of teleportation
Potions
 d - 2 potions of resistance
 m - a potion of magic {unknown}
 o - a potion of ambrosia {unknown}


   Skills:
 + Level 4.0 Fighting
 + Level 4.4 Maces & Flails
 + Level 4.0 Dodging


You had 5 spell levels left.
You didn't know any spells.
Your spell library was empty.

Dungeon Overview and Level Annotations

Branches:
Dungeon (4/15)
 Temple: D:4-7

Altars:
Dithmenos
Elyvilon
Makhleb
Trog
Vehumet
Wu Jian
Yredelemnul
The Shining One


Innate Abilities, Weirdness & Mutations

You are too large for most types of armour.
You have claws for hands.
Your natural rate of healing is unusually fast.
You are covered in fur. (AC +1)
You have extremely tough skin. (AC +3)


Message History

You barely miss the troll. The troll barely misses you. x2
The troll claws you but does no damage.
You sock the troll!
The troll is moderately wounded.
The troll bites you!!
* * * LOW HITPOINT WARNING * * *
The troll closely misses you. The troll misses you.
You barely miss the troll.
The troll is moderately wounded.
The troll bites you!
* * * LOW HITPOINT WARNING * * *
The troll claws you.
* * * LOW HITPOINT WARNING * * *
The troll barely misses you.
You barely miss the troll.
The troll is lightly wounded.
You closely miss the troll.
The troll is lightly wounded.
The troll bites you!
You die...

#........# #.# #o#
#o# #o# #.# #.#
##.#########
#..T@......#
##..#######.# #...#
#..## #..# #..#
###..# ##.#..###..
#.######..........#


You could see a troll.

Vanquished Creatures
  An ogre (D:3)
  Crazy Yiuf (D:3)
  An orc priest (D:4)
  2 orc wizards
  Terence (D:3)
  3 gnolls (D:3)
  6 adders
  An ooze (D:2)
  5 worms
  A dart slug (D:1)
  3 leopard geckos
  11 orcs
  4 giant cockroaches
  4 goblins
  6 hobgoblins
  4 jackals (D:1)
  5 kobolds
  A quokka (D:2)
  A ball python (D:2)
  7 bats
  2 frilled lizards (D:3)
  12 rats
82 creatures vanquished.

Notes
Turn   | Place    | Note
-------+----------+-------------------------------------------
     0 | D:1      | Bacontarian the Troll Berserker began the quest for the
                  | Orb.
     0 | D:1      | Reached XP level 1. HP: 22/22 MP: 0/0
   181 | D:1      | Reached XP level 2. HP: 18/29 MP: 1/1
   806 | D:2      | Reached XP level 3. HP: 36/36 MP: 2/2
   962 | D:2      | Reached ** piety under Trog
   972 | D:2      | Reached XP level 4. HP: 38/45 MP: 3/3
  1382 | D:2      | Found a glowing golden altar of the Shining One.
  1518 | D:2      | Found an ornate altar of the Wu Jian Council.
  1521 | D:2      | Found a burning altar of Makhleb.
  1524 | D:2      | Found a radiant altar of Vehumet.
  1679 | D:3      | Noticed an ogre
  1689 | D:3      | Killed an ogre
  1689 | D:3      | Reached XP level 5. HP: 15/53 MP: 4/4
  1830 | D:3      | Noticed Terence
  1874 | D:3      | Killed Terence
  1874 | D:3      | Reached XP level 6. HP: 15/62 MP: 5/5
  1881 | D:3      | HP: 4/93 [poisoned by Terence]
  2057 | D:3      | Found a shadowy altar of Dithmenos.
  2089 | D:3      | Found a bloodstained altar of Trog.
  2093 | D:3      | Found a basalt altar of Yredelemnul.
  2263 | D:3      | Found a faded altar of an unknown god.
  2347 | D:3      | Found a runed translucent door.
  2348 | D:3      | Noticed Crazy Yiuf
  2457 | D:3      | Reached *** piety under Trog
  2485 | D:3      | Found a white marble altar of Elyvilon.
  2781 | D:3      | Killed Crazy Yiuf
  2905 | D:4      | Noticed a troll
  2938 | D:4      | HP: 4/93 [troll (4)]
  2940 | D:4      | Mangled by a troll

Illustrated notes

Levels and vault maps discovered:
D:1:      dpeg_arrival_rhombus, layout_loops_ring
D:2:      wander_river, layout_rooms, nicolae_overflow_crystal_walls,
          grunt_temple_overflow_diamond
D:3:      minmay_door_path, layout_basic, lemuel_doored_altar,
          nicolae_dithmenos_through_a_glass_darkly, minitemple,
          chequers_ecumenical_altar_grove, uniq_crazy_yiuf_cottage, uniq_terence
D:4:      layout_loops_ring, led_sif_pool, minmay_hollow_rounded_squares

Skill      XL: |  1  2  3  4  5  6 |
---------------+-------------------+-----
Maces & Flails | 3 4 |  4.4
Dodging        | 3 4 |  4.0
Fighting       | 3 4 |  4.0

Action                   |  1- 3 |  4- 6 || total
-------------------------+-------+-------++-------
Melee: Mace              |   122 |   133 ||   255
       Flail             |       |    63 ||    63
Throw: Stone             |       |    14 ||    14
Invok: Berserk           |       |     2 ||     2
  Use: Scroll            |     4 |     4 ||     8
       Potion            |       |     4 ||     4
 Stab: Sleeping          |     1 |     1 ||     2
Armor: Animal skin       |    54 |    60 ||   114
Dodge: Dodged            |    83 |    90 ||   173

Table legend: (Time is in decaauts)
 A = Elapsed time spent in this place.
 B = Non-inter-level travel time spent in this place.
 C = Inter-level travel time spent in this place.
 D = Time resting spent in this place.
 E = Time spent auto-exploring this place.
 F = Levels seen in this place.
 G = Mean time per level.
                   A        B        C        D        E       F      G
               +--------+--------+--------+--------+--------+-----+--------+
         Total |   3032 |   2952 |     80 |    366 |   1563 |   4 |  758.0 |
       Dungeon |   3032 |   2952 |     80 |    366 |   1563 |   4 |  758.0 |
               +--------+--------+--------+--------+--------+-----+--------+

Top non-repeatable levels by time:
     D:3: 1306 daAuts
     D:2: 842 daAuts
     D:1: 792 daAuts
     D:4: 91 daAuts
